 Dungeon Crawl Stone Soup version 0.30.1-4-g462c640d31 (webtiles) character file.

Game seed: 4708847718223010526

162 arthad the Shield-Bearer (level 5, -3/41 HPs)
             Began as a Gnoll Wanderer on Aug 31, 2023.
             Slain by Grinder (8 damage)
             ... while paralysed by Grinder
             ... on level 3 of the Dungeon.
             The game lasted 00:02:39 (2079 turns).

arthad the Shield-Bearer (Gnoll Wanderer)           Turns: 2079, Time: 00:02:39

Health: -3/41      AC:  5    Str:  8    XL:     5   Next: 43%
Magic:  9/9        EV:  2    Int:  9    God:
Gold:   166        SH:  0    Dex: 19    Spells: 10/10 levels left

rFire   . . .        a - +2 short sword
rCold   . . .        b - +0 buckler
rNeg    . . .        d - +0 robe
rPois   .            v - +0 helmet
rElec   .            t - +0 cloak
rCorr   .            f - +0 pair of gloves
SInv    .            (no boots)
Will    .....        (no amulet)
Stlth   ++           p - +4 ring of slaying
HPRegen 0.26/turn    (no ring)
MPRegen 0.11/turn

%: no passive effects
@: paralysed
A: fangs 1, strong nose, distributed training
a: no special abilities


You were on level 3 of the Dungeon.
You visited 1 branch of the dungeon, and saw 3 of its levels.

You collected 166 gold pieces.

Inventory:

Hand Weapons
 a - a +2 short sword (weapon)
 w - a +3 dagger
Armour
 b - a +0 buckler (worn)
 d - a +0 robe (worn)
 f - a +0 pair of gloves (worn)
 t - a +0 cloak (worn)
 v - a +0 helmet (worn)
Jewellery
 p - a +4 ring of slaying (left hand)
Scrolls
 c - 3 scrolls of fear
 e - a scroll of brand weapon {unknown}
 h - a scroll of butterflies {unknown}
 j - a scroll of magic mapping {unknown}
 k - a scroll of acquirement {unknown}
 l - 2 scrolls of teleportation {unknown}
 n - a scroll of amnesia {unknown}
 o - 3 scrolls of identify {unknown}
 q - 2 scrolls of enchant weapon {unknown}
 s - a scroll of noise {unknown}
Potions
 g - 2 potions of brilliance {unknown}
 i - 2 potions of heal wounds {unknown}
 m - a potion of curing {unknown}
 r - 3 potions of flight {unknown}
 u - a potion of berserk rage {unknown}


   Skills:
 + Level 3.0 Fighting
 + Level 4.8 Short Blades
 + Level 1.5 Long Blades
 + Level 1.5 Axes
 + Level 1.5 Maces & Flails
 + Level 1.5 Polearms
 + Level 1.5 Staves
 + Level 1.5 Ranged Weapons
 + Level 1.5 Throwing
 + Level 1.5 Armour
 + Level 1.5 Dodging
 + Level 1.5 Stealth
 + Level 6.7 Shields
 + Level 1.5 Unarmed Combat
 + Level 3.2 Spellcasting
 + Level 1.2 Conjurations
 + Level 1.2 Hexes
 + Level 1.2 Summonings
 + Level 1.2 Necromancy
 + Level 1.2 Translocations
 + Level 1.2 Transmutations
 + Level 1.2 Fire Magic
 + Level 1.2 Ice Magic
 + Level 1.2 Air Magic
 + Level 1.2 Earth Magic
 + Level 4.0 Poison Magic
 + Level 1.7 Invocations
 + Level 3.0 Evocations


You had 10 spell levels left.
You didn't know any spells.
Your spell library contained the following spells:

 Spells                   Type           Power      Damage    Failure   Level
 Sting                    Tmut/Pois      24%        1d4       14%         1
 Poisonous Vapours        Pois/Air       12%        N/A       22%         2
 Cigotuvi's Dreadful Rot  Necr/Pois/Air  10%        N/A       26%         2
 Olgreb's Toxic Radiance  Pois           8%         N/A       63%         4
 Anguish                  Hex/Necr       1%         N/A       94%         4
 Cause Fear               Hex            1%         N/A       94%         4
 Enfeeble                 Hex            1%         N/A       100%        7


Dungeon Overview and Level Annotations

Branches:
Dungeon (3/15)

Altars:

Annotations:
D:3 Grinder


Innate Abilities, Weirdness & Mutations

You have very sharp teeth.
Your uncanny sense of smell can sniff out nearby items.
Your experience applies equally to all skills.


Message History

There is a shaft here.
There is an open door here.
You now have 166 gold pieces (gained 17).
Found a robe.
You open the door.
A giant cockroach is nearby!
A giant cockroach is nearby!
You catch the helpless giant cockroach completely off-guard!
You puncture the giant cockroach!
You kill the giant cockroach!
No target in view!
No target in view!
No target in view!
No target in view!
No target in view!
No target in view!
No target in view!
There is an open door here.
Found a stone staircase leading down.
There is a stone staircase leading down here.
Grinder comes into view.
Grinder is nearby!
Grinder shouts!
Grinder hits you.
You writhe in agony.
You closely miss Grinder. You barely miss Grinder. You bite Grinder.
Grinder is lightly wounded.
Grinder hits you.
You writhe in agony.
You closely miss Grinder.
Grinder is lightly wounded.
Grinder gestures at you.
You suddenly lose the ability to move!
Grinder hits you.
You writhe in agony.
* * * LOW HITPOINT WARNING * * *
Grinder hits you.
* * * LOW HITPOINT WARNING * * *
You writhe in agony.
* * * LOW HITPOINT WARNING * * *
Grinder hits you!
You die...

....... .......
....... .......
.......## ..........
∆ # ####......##
####.## ####.......#
#5....# ...........#
#@#
...#..#....#####.##.#
...+........>.......#
...#..#....#.###.##.#
...#..#......#∆....
.. ...#..#.....##
##...###
...#.....##.# .###
###....####+# .#
......## .#


You could see Grinder.

Vanquished Creatures
  Terence (D:3)
  Robin (D:3)
  5 adders
  2 dart slugs
  2 endoplasms (D:2)
  7 giant cockroaches
  10 goblins
  12 hobgoblins
  4 jackals (D:1)
  2 quokkas
  10 ball pythons
  7 bats
  4 frilled lizards
  5 kobolds
  2 rats
74 creatures vanquished.

Notes
Turn   | Place    | Note
-------+----------+-------------------------------------------
     0 | D:1      | arthad the Gnoll Wanderer began the quest for the Orb.
     0 | D:1      | arthad set off with the following items: a +2 short sword,
                  | a +0 buckler, a scroll of fear, a +0 robe; and the
                  | following spells available to memorise: Poisonous Vapours,
                  | Cigotuvi's Dreadful Rot.
     0 | D:1      | Reached XP level 1. HP: 17/17 MP: 4/4
   156 | D:1      | Reached XP level 2. HP: 19/23 MP: 5/5
   488 | D:1      | Reached XP level 3. HP: 19/28 MP: 7/7
   757 | D:2      | Reached skill level 1 in Invocations
   863 | D:2      | Reached skill level 1 in Long Blades
   863 | D:2      | Reached skill level 1 in Axes
   863 | D:2      | Reached skill level 1 in Maces & Flails
   863 | D:2      | Reached skill level 1 in Polearms
   863 | D:2      | Reached skill level 1 in Staves
   863 | D:2      | Reached skill level 1 in Ranged Weapons
   863 | D:2      | Reached skill level 1 in Throwing
   863 | D:2      | Reached skill level 1 in Armour
   863 | D:2      | Reached skill level 1 in Dodging
   863 | D:2      | Reached skill level 1 in Stealth
   863 | D:2      | Reached skill level 1 in Unarmed Combat
   902 | D:2      | Reached XP level 4. HP: 34/34 MP: 8/8
  1049 | D:2      | Reached skill level 1 in Conjurations
  1049 | D:2      | Reached skill level 1 in Hexes
  1049 | D:2      | Reached skill level 1 in Summonings
  1049 | D:2      | Reached skill level 1 in Necromancy
  1049 | D:2      | Reached skill level 1 in Translocations
  1049 | D:2      | Reached skill level 1 in Transmutations
  1049 | D:2      | Reached skill level 1 in Fire Magic
  1049 | D:2      | Reached skill level 1 in Ice Magic
  1049 | D:2      | Reached skill level 1 in Air Magic
  1049 | D:2      | Reached skill level 1 in Earth Magic
  1806 | D:3      | Noticed Robin
  1807 | D:3      | Noticed Terence
  1823 | D:3      | Reached XP level 5. HP: 39/40 MP: 9/9
  1835 | D:3      | Killed Robin
  1844 | D:3      | Killed Terence
  1890 | D:3      | Found a faded altar of an unknown god.
  2071 | D:3      | Noticed Grinder
  2076 | D:3      | Paralysed by Grinder for 4 turns
  2079 | D:3      | Slain by Grinder

Illustrated notes

Levels and vault maps discovered:
D:1:      shiori_arrival_oz, layout_rooms, serial_corexii_hall,
          corexii_hall_statues_x, chequers_hall_statues_wall_a, hex_intersection
D:2:      layout_basic, minmay_tetromino_l4
D:3:      layout_basic, shapermc_ecumenical_altar_mp_highgroup, uniq_grinder,
          uniq_terence, uniq_robin

Skill      XL: |  1  2  3  4  5 |
---------------+----------------+-----
Invocations    | 1 |  1.7
Long Blades    | 1 |  1.5
Axes           | 1 |  1.5
Maces & Flails | 1 |  1.5
Polearms       | 1 |  1.5
Staves         | 1 |  1.5
Ranged Weapons | 1 |  1.5
Throwing       | 1 |  1.5
Armour         | 1 |  1.5
Dodging        | 1 |  1.5
Stealth        | 1 |  1.5
Unarmed Combat | 1 |  1.5
Spellcasting   | 3 |  3.2
Conjurations   | 1 |  1.2
Hexes          | 1 |  1.2
Summonings     | 1 |  1.2
Necromancy     | 1 |  1.2
Translocations | 1 |  1.2
Transmutations | 1 |  1.2
Fire Magic     | 1 |  1.2
Ice Magic      | 1 |  1.2
Air Magic      | 1 |  1.2
Earth Magic    | 1 |  1.2
Fighting       | 3 |  3.0
Poison Magic   | 4 |  4.0
Evocations     | 3 |  3.0
Short Blades   | |  4.8
Shields        | |  6.7

Action                     |  1- 3 |  4- 6 || total
---------------------------+-------+-------++-------
  Melee: Short sword       |   134 |    89 ||   223
         Bite              |    12 |     8 ||    20
   Stab: Sleeping          |     5 |     1 ||     6
         Distracted        |       |     1 ||     1
 Armour: Robe              |    32 |    21 ||    53
  Dodge: Dodged            |    52 |    33 ||    85
  Block: Buckler           |    43 |    19 ||    62
